Map: Flooded City

Players

Winthrowe - Winner!

  • Race: Terran Terran
  • League: Silver
  • Spawn Location: 12:00

Nikitta - Winner!

  • Race: Terran Terran
  • Spawn Location: 12:00

A.I. 2 (Hard)

  • Race: Zerg Zerg
  • Spawn Location: 6:00

A.I. 3 (Hard)

  • Race: Zerg Zerg
  • Spawn Location: 6:00

VOD

Have the link to the VOD?

Description

Time

  • Played on: Sept. 2, 2017, 5:33 p.m.
  • Length: 16:00
Show
View Real Time Build Order
Export as new Build Order

Winthrowe Terran - Winner!

Build Orders:  

Get SALT Encoding   

  12  0:04  SCV  
  13  0:16  SCV  
  14  0:23  Supply Depot  
  14  0:28  SCV  
  15  0:36  Refinery  
  15  0:45  SCV  
  15  0:48  Refinery  
  16  0:57  SCV  
  16  1:00  Barracks  
  17  1:09  SCV  
  18  1:21  SCV  
  19  1:33  SCV  
  20  1:45  SCV  
  21  1:54  Factory  
  21  1:56  Barracks Tech Lab  
  21  1:57  SCV  
  22  2:10  SCV  
  23  2:22  Orbital Command  
  23  2:28  Supply Depot  
  23  2:42  Starport  
  23  2:49  SCV  
  24  2:51  Supply Depot  
  24  2:53  Factory Reactor  
  24  3:02  SCV  
  25  3:31  Command Center  
  25  4:06  Starport  
  25  4:18  Hellion x2  
  25  4:22  Cloaking Field  
  29  4:29  Barracks Tech Lab  
  29  5:11  Factory Reactor  
  27  5:16  Marauder  
  27  5:21  Banshee  
  30  5:37  Marauder  
  32  5:50  Hellion x2  
  34  5:59  Marauder  
  36  6:04  Banshee  
  39  6:11  Hellion  
  35  6:22  Marauder  
  35  6:24  Hellion  
  41  6:33  Hellion  
  41  6:39  Medivac x2  
  45  6:42  Marine  
  45  6:46  Hellion  
  48  6:47  Banshee  
  53  6:54  Hellion  
  53  7:00  Marine  
  54  7:08  Hyperflight Rotors  
  54  7:16  Supply Depot  
  54  7:21  Marine, Viking x2  
  59  7:28  SCV  
  59  7:29  SCV  
  61  7:30  Raven  
  63  7:39  Supply Depot  
  63  7:40  SCV  
  63  7:41  SCV  
  65  7:51  Medivac x2  
  65  7:52  SCV  
  65  7:53  SCV  
  65  7:56  Hellion  
  73  8:05  SCV  
  75  8:07  Orbital Command  
  74  8:17  SCV  
  75  8:38  SCV x2  
  77  8:45  Refinery  
  77  8:49  Supply Depot  
  77  8:50  SCV x2, Refinery  
  79  9:02  SCV  
  78  9:08  Corvid Reactor  
  78  9:12  Supply Depot  
  78  9:22  Marauder  
  80  9:26  Hellion x2  
  80  9:29  Medivac x2  
  80  9:30  Medivac  
  90  9:35  Supply Depot  
  90  9:44  Marauder  
  92  9:47  Hellion  
  92  9:48  Hellion  
  96  9:58  Supply Depot  
  96  9:59  Medivac x2  
  100  10:00  Viking  
  102  10:08  Hellion  
  102  10:09  Hellion  
  106  10:29  Viking  
  106  10:30  Banshee, Hellion x2  
  111  11:01  Armory  
  111  11:05  Fusion Core  
  111  11:13  Banshee  
  108  11:56  Banshee  
  108  11:58  Reaper  
  112  12:02  Hellion x2  
  111  12:23  Hellion  
  111  12:24  Hellion  
  115  12:30  Reaper  
  116  12:45  Hellion  
  116  12:51  Hellion  
  117  13:02  Banshee  
  117  13:05  Medivac  
  118  13:10  Supply Depot  
  118  13:12  Reaper  
  117  13:19  Hellbat x2  
  121  13:33  Supply Depot  
  121  13:40  Hellbat x2  
  125  13:44  Reaper  
  125  13:45  Battlecruiser, Hellion x11  
  132  13:56  Supply Depot  
  132  14:02  Hellbat x2  
  136  14:16  Reaper  
  137  14:20  Supply Depot  
  137  14:23  Hellbat x2  
  141  14:43  Supply Depot  
  141  14:48  Marine  
  141  14:49  Battlecruiser  
  140  15:26  Viking  
  137  15:34  Hellion x2  
Show
View Real Time Build Order
Export as new Build Order

Nikitta Terran - Winner!

Build Orders:  

Get SALT Encoding   

  12  0:03  SCV  
  13  0:21  SCV, Supply Depot  
  14  0:32  Refinery  
  14  0:34  SCV  
  15  0:46  SCV  
  16  0:56  Barracks  
  16  0:58  SCV  
  17  1:10  SCV  
  18  1:22  SCV  
  19  1:34  SCV  
  19  1:35  Supply Depot  
  20  1:46  SCV  
  21  1:55  Barracks  
  21  1:58  Barracks Tech Lab, SCV  
  21  1:59  Supply Depot  
  22  2:10  SCV  
  23  2:20  Marine  
  24  2:23  Supply Depot, SCV  
  25  2:38  Marine  
  26  2:44  Engineering Bay  
  26  2:45  Barracks Tech Lab  
  26  2:55  Marine  
  27  3:05  Barracks Reactor  
  27  3:13  Marine  
  27  3:16  Terran Infantry Weapons Level 1  
  27  3:17  Barracks  
  28  3:30  Orbital Command  
  28  3:31  Marine  
  29  3:41  Marine  
  29  3:42  Marine  
  31  3:49  Marine  
  31  3:52  Supply Depot  
  32  3:59  Marine x2  
  34  4:07  Marauder, Refinery  
  36  4:15  Supply Depot  
  36  4:17  Marine x2  
  36  4:18  Barracks Reactor  
  38  4:29  Marauder  
  40  4:35  Marine x2  
  42  4:50  Marauder  
  44  4:52  Marine  
  44  4:53  Marine  
  44  4:55  Command Center  
  46  5:02  Supply Depot  
  46  5:10  Marine, Terran Infantry Armor Level 1  
  46  5:11  Marine, Marauder  
  46  5:12  SCV  
  40  5:24  SCV  
  40  5:26  Supply Depot  
  40  5:28  Marine  
  31  5:29  Marine  
  31  5:33  Marauder  
  30  5:46  Marine x2  
  30  5:54  Marauder  
  30  6:04  Marine x2  
  30  6:16  Marauder  
  32  6:21  Marine  
  32  6:22  Marine  
  34  6:31  SCV  
  35  6:37  Marauder  
  35  6:39  Marine  
  38  6:40  Marine, Missile Turret  
  38  6:43  SCV  
  40  6:52  Supply Depot  
  40  6:55  SCV  
  40  6:57  Marine  
  40  6:58  Marine  
  40  6:59  Marauder  
  40  7:01  Missile Turret  
  45  7:07  SCV  
  46  7:15  Marine x2  
  47  7:19  SCV  
  47  7:20  Marauder  
  51  7:33  Marine x4  
  55  7:40  Hi-Sec Auto Tracking  
  55  7:41  Marauder  
  57  7:50  Missile Turret  
  57  7:51  Marine x4  
  59  7:52  SCV  
  62  8:03  Marauder  
  62  8:04  SCV  
  65  8:08  Marine x2  
  65  8:09  Marine  
  65  8:12  Supply Depot  
  68  8:26  Marine  
  69  8:27  Marine x3  
  72  8:44  Marine x2  
  72  8:45  Marine x2  
  76  9:02  Marine x3  
  76  9:03  Marine  
  68  9:16  Marine  
  69  9:20  Marine x3  
  69  9:21  Marine  
  73  9:34  Marine  
  73  9:37  Marine  
  73  9:38  Marine x2  
  75  9:39  Marine  
  78  9:51  Marine  
  79  9:55  Marine  
  79  9:56  Marine x3  
  82  10:09  Marine  
  82  10:13  Marine  
  82  10:14  Marine x3  
  69  10:27  Marine  
  69  10:31  Marine x2  
  69  10:32  Marine x2  
  73  10:43  Neosteel Frame  
  73  10:45  Marauder  
  73  10:49  Marine x3  
  77  10:50  Marine  
  79  11:06  Marine x2  
  79  11:07  Marine x2  
  79  11:08  Marine  
  83  11:24  Marine x2  
  83  11:25  Marine x2  
  87  11:26  Marine  
  88  11:42  Marine x2  
  88  11:43  Marine x3  
  93  12:00  Marine x3  
  93  12:01  Marine  
  95  12:32  Marine  
  87  13:37  Marine x2  
  89  13:54  Marine  
  89  13:55  Marine  
  91  14:12  Marine  
  91  14:13  Marine  
  93  14:30  Marine x2  
Show
View Real Time Build Order
Export as new Build Order

A.I. 2 (Hard) Zerg 

Build Orders: Pool First 

Get SALT Encoding   

  12  0:01  Drone  
  13  0:12  Overlord  
  13  0:17  Drone  
  14  0:30  Drone  
  14  0:32  Drone  
  16  0:43  Spawning Pool  
  16  0:45  Drone  
  17  0:50  Drone  
  17  0:52  Extractor  
  17  0:55  Drone  
  17  1:06  Overlord  
  17  1:31  Zergling x2, Queen  
  20  1:36  Zergling x2  
  20  1:38  Drone  
  20  1:39  Roach Warren  
  21  1:41  Extractor  
  20  1:49  Drone  
  21  2:00  Drone  
  22  2:10  Overlord  
  22  2:21  Drone  
  23  2:32  Roach  
  25  2:37  Drone  
  25  2:38  Roach  
  25  2:42  Overlord  
  28  2:44  Roach  
  30  2:55  Roach  
  34  3:05  Roach  
  34  3:10  Roach  
  36  3:13  Overlord  
  36  3:15  Roach  
  36  3:18  Drone  
  39  3:28  Roach  
  39  3:32  Baneling Nest  
  40  3:37  Evolution Chamber  
  40  3:39  Drone  
  40  3:41  Drone  
  40  3:43  Drone  
  40  3:48  Drone  
  43  3:52  Drone  
  44  4:01  Drone  
  45  4:13  Drone  
  46  4:44  Zerg Melee Weapons Level 1, Evolution Chamber, Lair  
  46  4:45  Overlord  
  45  4:49  Drone  
  46  5:10  Zerg Ground Armor Level 1  
  42  5:19  Zergling x2  
  29  5:29  Roach  
  31  5:39  Roach  
  33  5:42  Burrow  
  33  5:43  Infestation Pit  
  33  5:47  Hatchery, Hydralisk Den  
  33  5:49  Roach  
  32  5:59  Roach  
  34  6:05  Drone  
  34  6:09  Overseer, Roach, Drone  
  34  6:11  Spore Crawler  
  37  6:12  Drone  
  37  6:13  Spore Crawler  
  37  6:15  Drone  
  38  6:22  Hydralisk  
  40  6:32  Swarm Host  
  43  6:38  Zerg Missile Weapons Level 1  
  43  6:43  Roach  
  45  6:48  Overseer  
  45  6:52  Hydralisk  
  47  6:57  Spine Crawler  
  47  6:59  Drone  
  47  7:02  Drone  
  47  7:07  Drone  
  52  7:13  Drone  
  53  7:18  Drone  
  54  7:26  Overlord  
  54  7:30  Drone  
  54  7:33  Drone  
  54  7:35  Drone  
  57  7:38  Drone  
  57  7:40  Drone  
  57  7:43  Drone  
  60  7:45  Drone  
  60  7:49  Overlord  
  61  7:52  Drone  
  61  7:56  Drone  
  61  7:57  Drone  
  64  7:59  Drone  
  64  8:01  Drone  
  64  8:04  Drone  
  67  8:06  Overseer  
  67  8:11  Spine Crawler  
  67  8:12  Drone  
  67  8:17  Spore Crawler  
  67  8:18  Drone  
  67  8:24  Spore Crawler  
  67  8:25  Drone  
  67  8:30  Queen  
  67  8:34  Overlord  
  69  8:40  Queen  
  71  8:43  Zergling x2  
  72  8:51  Spire  
  71  9:02  Hatchery  
  69  9:09  Zergling x2  
  60  9:14  Overseer  
  60  9:16  Zergling x2  
  49  9:19  Zergling x2  
  50  9:30  Pneumatized Carapace  
  50  9:33  Baneling  
  50  9:34  Baneling, Zergling x2  
  50  9:35  Overseer  
  50  9:37  Zergling x2  
  52  9:40  Zergling x2  
  52  9:43  Zergling x2  
  54  9:46  Zergling x2  
  54  9:49  Baneling x2, Zergling x2  
  54  9:58  Extractor  
  53  10:02  Extractor  
  53  10:03  Mutalisk  
  53  10:06  Mutalisk  
  56  10:10  Zergling x2  
  56  10:13  Zergling x2  
  49  10:16  Zergling x2  
  49  10:19  Zergling x2  
  49  10:20  Extractor  
  48  10:22  Extractor, Zergling x2  
  48  10:24  Mutalisk  
  51  10:28  Zergling x2  
  51  10:31  Mutalisk, Drone  
  51  10:32  Overseer, Drone  
  51  10:34  Zergling x2  
  51  10:36  Drone  
  51  10:37  Zergling x2  
  51  10:38  Overseer, Drone  
  51  10:40  Mutalisk, Drone  
  51  10:42  Overlord  
  43  11:00  Mutalisk, Overlord, Drone  
  43  11:01  Drone  
  43  11:03  Zergling x2, Drone  
  47  11:04  Drone  
  47  11:06  Drone  
  47  11:08  Zergling x2  
  47  11:10  Drone  
  48  11:16  Overlord  
  43  11:21  Hydralisk  
  42  11:31  Hydralisk  
  40  11:34  Overlord  
  40  11:38  Overlord x2  
  25  12:02  Hydralisk  
  25  12:08  Overlord  
  27  12:14  Overlord  
  27  12:36  Spawning Pool  
  24  13:18  Hatchery  
  23  13:26  Lair  
  23  13:27  Roach Warren  
  22  13:58  Overlord  
  22  14:07  Evolution Chamber, Drone  
  22  14:09  Roach, Evolution Chamber  
  23  14:12  Drone  
  23  14:16  Zergling x2, Drone  
  26  14:18  Overlord  
  26  14:22  Roach  
  28  14:24  Drone  
  28  14:25  Overseer x2  
  28  14:26  Hydralisk Den  
  28  14:29  Infestation Pit, Drone  
  29  14:31  Drone  
  29  14:32  Spire  
  29  14:35  Drone  
  29  14:39  Drone  
  29  14:43  Zergling x2  
  31  14:56  Roach, Drone  
  31  14:58  Drone  
  33  15:02  Hydralisk  
  33  15:06  Overlord  
  17  15:22  Drone  
  17  15:23  Drone  
  12  15:28  Drone  
  7  15:43  Spawning Pool  
Show
View Real Time Build Order
Export as new Build Order

A.I. 3 (Hard) Zerg 

Build Orders: Pool First 

Get SALT Encoding   

  12  0:01  Drone  
  13  0:12  Overlord  
  13  0:17  Drone  
  14  0:30  Drone  
  14  0:32  Drone  
  16  0:43  Spawning Pool  
  16  0:45  Drone  
  16  0:49  Drone  
  17  0:53  Extractor  
  17  0:55  Drone  
  17  1:06  Overlord  
  17  1:31  Zergling x2, Queen  
  20  1:38  Zergling x2  
  20  1:39  Roach Warren, Drone  
  21  1:41  Extractor  
  20  1:49  Drone  
  21  2:00  Drone  
  22  2:10  Overlord  
  22  2:21  Drone  
  23  2:32  Roach  
  25  2:38  Drone  
  25  2:39  Roach  
  25  2:44  Overlord  
  28  2:46  Roach  
  30  2:54  Drone  
  30  2:57  Ravager  
  32  3:04  Ravager  
  35  3:05  Roach  
  35  3:10  Drone  
  38  3:12  Roach  
  38  3:14  Overlord  
  38  3:18  Drone  
  39  3:28  Roach  
  39  3:31  Baneling Nest  
  40  3:35  Evolution Chamber  
  40  3:38  Drone  
  40  3:41  Drone  
  40  3:43  Drone  
  40  3:44  Drone  
  43  3:50  Drone  
  44  4:48  Zergling x2, Lair  
  44  4:49  Zerg Melee Weapons Level 1, Overlord  
  44  4:51  Evolution Chamber  
  44  4:52  Drone  
  45  4:54  Baneling  
  44  5:14  Zergling x2  
  44  5:16  Zerg Ground Armor Level 1  
  44  5:18  Hatchery  
  44  5:20  Zergling x2  
  42  5:29  Drone  
  43  5:45  Zergling x2  
  43  5:48  Metabolic Boost  
  43  5:49  Spire  
  43  5:50  Drone  
  44  5:57  Zergling x2  
  45  6:11  Spore Crawler  
  42  6:13  Spore Crawler, Drone  
  42  6:14  Overseer  
  32  6:30  Drone  
  32  6:32  Drone  
  34  6:33  Drone  
  34  6:35  Drone  
  34  6:36  Drone  
  34  6:37  Burrow, Extractor  
  34  6:38  Drone  
  34  6:39  Drone  
  38  6:43  Zerg Missile Weapons Level 1, Drone  
  38  6:46  Drone  
  40  6:50  Baneling  
  40  6:51  Drone  
  40  6:53  Drone  
  42  6:55  Drone  
  42  6:57  Drone  
  42  6:59  Drone  
  45  7:02  Drone  
  46  7:08  Drone  
  46  7:12  Drone  
  48  7:19  Drone  
  48  7:22  Mutalisk  
  49  7:23  Drone  
  49  7:24  Overlord  
  49  7:28  Mutalisk  
  54  7:32  Overseer  
  54  7:34  Mutalisk, Drone  
  57  7:40  Spine Crawler  
  57  7:41  Mutalisk  
  58  7:44  Spine Crawler  
  58  7:47  Spore Crawler, Zergling x2  
  58  7:50  Spore Crawler  
  56  7:52  Drone  
  56  7:54  Queen  
  56  7:55  Mutalisk, Drone  
  56  7:57  Drone  
  63  7:58  Drone  
  63  8:04  Drone  
  65  8:06  Drone  
  65  8:10  Queen  
  68  8:14  Overlord  
  68  8:16  Mutalisk  
  68  8:17  Spine Crawler  
  69  8:20  Spine Crawler  
  69  8:26  Hydralisk Den  
  67  8:27  Infestation Pit, Drone  
  67  8:29  Drone  
  70  8:34  Roach  
  70  8:41  Roach  
  72  8:45  Hatchery  
  72  8:48  Roach  
  73  8:55  Roach  
  69  9:01  Roach  
  68  9:08  Roach  
  68  9:09  Overlord  
  70  9:13  Hydralisk  
  70  9:16  Pneumatized Carapace  
  72  9:20  Hydralisk  
  72  9:21  Overseer  
  74  9:26  Overseer  
  74  9:27  Overlord, Infestor  
  74  9:28  Extractor  
  75  9:34  Roach  
  77  9:40  Roach  
  79  9:46  Overlord  
  79  9:47  Roach  
  81  9:53  Roach  
  85  10:00  Roach  
  85  10:02  Extractor  
  85  10:04  Queen  
  85  10:06  Extractor, Roach  
  72  10:07  Overseer  
  72  10:09  Overlord  
  72  10:12  Hydralisk  
  70  10:18  Hydralisk  
  60  10:23  Mutalisk  
  60  10:27  Roach  
  52  10:29  Extractor  
  52  10:30  Overseer  
  52  10:33  Hydralisk  
  51  10:40  Zergling x2  
  50  10:43  Queen  
  50  10:44  Zergling x2  
  50  10:47  Hydralisk  
  50  10:49  Overlord  
  51  10:51  Queen  
  51  10:53  Zergling x2  
  45  11:01  Overseer  
  42  11:05  Roach  
  42  11:07  Evolution Chamber  
  42  11:08  Overlord  
  42  11:09  Zergling x2  
  42  11:10  Queen  
  42  11:12  Mutalisk  
  42  11:14  Roach  
  42  11:16  Zergling x2  
  42  11:25  Overlord  
  41  11:34  Roach  
  41  11:37  Mutalisk  
  42  11:41  Evolution Chamber  
  42  11:43  Overlord  
  42  11:44  Roach  
  42  11:46  Spawning Pool  
  42  11:48  Mutalisk  
  42  11:53  Mutalisk  
  42  12:03  Roach  
  40  12:09  Roach  
  40  12:13  Drone  
  43  12:18  Hydralisk Den  
  43  12:21  Drone  
  43  12:24  Drone  
  43  12:27  Drone  
  46  12:30  Drone  
  46  12:33  Roach  
  40  12:37  Zergling x2  
  40  12:41  Zergling x2  
  42  12:45  Zergling x2  
  42  12:48  Mutalisk  
  42  12:50  Drone x2  
  21  13:10  Spawning Pool  
  8  13:52  Drone  
  8  13:53  Drone  
Tags
 
Add a new tag
Caveats
  • Supply blocks, unpowered buildings, or Contaminate may cause inaccurate times.
  • Supply counts are checked every 10 seconds.